[Event "Team 45 45 League T91"]
[Site "Internet Chess Club"]
[Date "2022.01.16"]
[Round "1"]
[White "jcule"]
[Black "smsxman"]
[Result "1-0"]
[WhiteElo "1381"]
[BlackElo "1338"]
[Opening "Queen's pawn game, Darooha variation "]
[ECO "D02"]
[Time "08:00:23"]
[PlyCount "149"]
[TimeControl "2700+45"]

1. d4 d5 2. Nf3 Nf6 3. g3 Bg4 4. Bg2 Nc6 5. O-O e6 6. Bg5 Be7 7. Nbd2 O-O 8. h3
Bf5 9. b3 Nb4 10. c3 Nc2 11. Rc1 Na3 12. Ne5 Nb5 13. Bxf6 Bxf6 14. e4 dxe4 15.
Nxe4 Be7 16. Qe2 c6 17. g4 Ba3 18. Rc2 Bxe4 19. Bxe4 Be7 20. Qd3 h6 21. a4 Nd6
22. Bg2 Rc8 23. Rd1 Bf6 24. Rcd2 Qb6 25. Nd7 Qxb3 26. Nxf8 Rxf8 27. Qc2 Qb6 28.
Rb1 Qc7 29. Qb3 Rb8 30. Rdb2 b6 31. Qc2 Nc4 32. Rb3 Bg5 33. Rd1 Qf4 34. Qd3 Na5
35. Rbb1 Rd8 36. Qe4 Qf6 37. Qf3 Qe7 38. Bf1 Qa3 39. Ra1 Qe7 40. Rab1 Qa3 41.
Ra1 Qe7 42. Rab1 Qa3 43. Ra1 Qd6 44. Rab1 Bf4 45. Bd3 Bh2+ 46. Kh1 Bf4 47. Qe4
g6 48. Qf3 Bg5 49. Kg2 Qa3 50. Ra1 Qxc3 51. Be4 Qb4 52. Bxc6 Rxd4 53. Rab1 Qd6
54. Bb5 Qe5 55. Rxd4 Qxd4 56. Rd1 Qb2 57. Rd7 Qf6 58. Qxf6 Bxf6 59. Rxa7 Bd4 60.
Rd7 Bc5 61. f3 Kg7 62. Kg3 Kf6 63. h4 Be3 64. Rd3 Bc1 65. Kf2 Ke5 66. Rd7 Kf6
67. Rd6 Nb3 68. Rxb6 g5 69. hxg5+ hxg5 70. Rb7 Bf4 71. Be8 Nc5 72. Rxf7+ Ke5 73.
Ra7 Bd2 74. Ra8 Nd3+ 75. Ke2 {Black resigns} 1-0

[Event "Team 45 45 League T91"]
[Site "Internet Chess Club"]
[Date "2022.01.14"]
[Round "1"]
[White "xingon"]
[Black "BrerRabbit"]
[Result "1-0"]
[WhiteElo "1364"]
[BlackElo "1342"]
[Opening "Queen's pawn, Mason variation"]
[ECO "D00"]
[Time "19:03:33"]
[PlyCount "91"]
[TimeControl "2700+45"]

1. d4 d5 2. Bf4 c6 3. c3 Qb6 4. Qb3 Nf6 5. Nd2 Bf5 6. Ngf3 h6 7. e3 e6 8. Be2
Be7 9. O-O O-O 10. c4 Qb4 11. c5 Qxb3 12. axb3 Nbd7 13. b4 Nh5 14. Be5 Nhf6 15.
b5 Nxe5 16. Nxe5 Rfc8 17. bxc6 bxc6 18. Ra6 Ne4 19. Nxe4 Bxe4 20. Nxc6 Bf6 21.
Rxa7 Rxa7 22. Nxa7 Rb8 23. c6 Rxb2 24. Rc1 Bd8 25. Kf1 Bc7 26. Nb5 Rxb5 27. Bxb5
Kf8 28. Ra1 Ke7 29. Ra7 Kd6 30. f3 Bg6 31. g4 f6 32. Ra6 Be8 33. h4 e5 34. h5
exd4 35. exd4 f5 36. Ke2 fxg4 37. fxg4 g6 38. hxg6 Bxg6 39. Ra8 Bf7 40. Rh8 Bb6
41. Rxh6+ Be6 42. Ke3 Ke7 43. g5 Kd6 44. g6 Bg8 45. Rh8 Be6 46. g7 {Black
resigns} 1-0

[Event "Team 45 45 League T91"]
[Site "Internet Chess Club"]
[Date "2022.01.16"]
[Round "1"]
[White "Ostap-Bender"]
[Black "arconia"]
[Result "1-0"]
[WhiteElo "1233"]
[BlackElo "1131"]
[Opening "Sicilian: Alapin's variation (2.c3)"]
[ECO "B22"]
[Time "14:00:45"]
[PlyCount "67"]
[TimeControl "2700+45"]

1. e4 c5 2. c3 e6 3. d4 cxd4 4. cxd4 d6 5. Nf3 Bd7 6. Nc3 a6 7. Be2 g6 8. O-O
Bg7 9. Bf4 Qc7 10. e5 d5 11. Rc1 Nc6 12. Qd2 h5 13. h4 Nh6 14. Bg5 Ng4 15. Nh2
f6 16. Nxg4 hxg4 17. exf6 Bf8 18. Bxg4 Bd6 19. g3 Kd8 20. Qd3 e5 21. f7+ Ne7 22.
Bxe7+ Bxe7 23. Bxd7 e4 24. Qe3 Qxd7 25. Qf4 Qe6 26. Qe5 Qxe5 27. dxe5 Kd7 28.
Nxd5 Ke6 29. Nc7+ Kxf7 30. Nxa8 Rxa8 31. Rc7 Ke6 32. Rxb7 Kxe5 33. Rxe7+ Kf5 34.
Re1 {Black resigns} 1-0

[Event "Team 45 45 League T91"]
[Site "Internet Chess Club"]
[Date "2022.01.16"]
[Round "1"]
[White "kabindra"]
[Black "cayo89"]
[Result "0-1"]
[WhiteElo "1600"]
[BlackElo "1575"]
[Opening "Philidor: Improved Hanham variation"]
[ECO "B07"]
[Time "12:00:34"]
[PlyCount "86"]
[TimeControl "2700+45"]

1. e4 d6 2. d4 Nf6 3. Nc3 e5 4. Nf3 Nbd7 5. Bc4 h6 6. dxe5 dxe5 7. O-O Be7 8.
Qe2 c6 9. Rd1 Qc7 10. Nh4 g6 11. h3 b5 12. Bb3 a6 13. a3 Bb7 14. Be3 Kf8 15. Qd2
Kg7 16. f4 Bc5 17. Kh1 Bxe3 18. Qxe3 exf4 19. Qe2 Nh5 20. Qd3 Ndf6 21. e5 Ng3+
22. Kg1 Nd5 23. Nxd5 cxd5 24. e6 Qb6+ 25. Kh2 Qxe6 26. Qf3 g5 27. Qc3+ Kh7 28.
Qc7 Rab8 29. Nf3 Rhc8 30. Qa5 Qd6 31. Qd2 Ne4 32. Qd4 Qc5 33. Qe5 Ng3 34. Qf6
Rc7 35. c3 Re7 36. Ne5 Ne4 37. Bc2 Qc7 38. Bxe4+ dxe4 39. Qf5+ Kg7 40. Ng4 f3+
41. g3 Qb6 42. Rd7 Bc8 43. Ne5 Qf2+ {White resigns} 0-1

[Event "Team 45 45 League T91"]
[Site "Internet Chess Club"]
[Date "2022.01.16"]
[Round "1"]
[White "Visin"]
[Black "julesraider"]
[Result "1/2-1/2"]
[WhiteElo "1284"]
[BlackElo "1496"]
[Opening "Sicilian"]
[ECO "B50"]
[Time "15:00:25"]
[PlyCount "150"]
[TimeControl "2700+45"]

1. e4 c5 2. Nf3 d6 3. Nc3 Nf6 4. d3 Nc6 5. Be2 g6 6. h3 Bg7 7. Nh2 Nd4 8. O-O
O-O 9. Be3 b6 10. a3 Bb7 11. Bxd4 cxd4 12. Na2 Rc8 13. Qd2 Qc7 14. Rac1 d5 15.
f3 Nh5 16. c3 dxc3 17. Nxc3 Qc5+ 18. Rf2 Bd4 19. Ng4 Bxf2+ 20. Nxf2 dxe4 21.
fxe4 Rfd8 22. Na2 Qd4 23. Rxc8 Rxc8 24. Bxh5 gxh5 25. Qg5+ Kf8 26. Nc3 Rc6 27.
Qxh5 Qe3 28. Nd1 Rc1 29. Qxh7 e6 30. Qh8+ Ke7 31. Qh4+ Kd7 32. Kh2 Qd4 33. Qf4
Rc7 34. Qxf7+ Kd6 35. Qf8+ Kc6 36. Qe8+ Kd6 37. Qf8+ Re7 38. Qd8+ Rd7 39. Qf8+
Kc7 40. Qf4+ e5 41. Qc1+ Bc6 42. Qc4 Qd6 43. b4 Kb8 44. Ne3 Rd8 45. Nf5 Qd7 46.
g4 Bb7 47. Qc3 Qe6 48. h4 Ba6 49. d4 exd4 50. Nxd4 Qe5+ 51. Qg3 Qxg3+ 52. Kxg3
Rxd4 53. h5 Kc7 54. g5 Be2 55. h6 Bh5 56. Kf4 Bg6 57. Ke5 Rd6 58. Ng4 Rd8 59.
Nf6 Rh8 60. Ke6 Rf8 61. e5 Rf7 62. Kd5 Bf5 63. e6 Re7 64. Ke5 Bxe6 65. Nd5+
Bxd5+ 66. Kxd5 Rh7 67. Ke6 Kd8 68. Kf6 Kd7 69. Kg6 Rh8 70. Kg7 Re8 71. h7 Re7+
72. Kg8 Re8+ 73. Kg7 Re7+ 74. Kg8 Re8+ 75. Kg7 Re7+ {Game drawn by repetition}
1/2-1/2

[Event "Team 45 45 League T91"]
[Site "Internet Chess Club"]
[Date "2022.01.14"]
[Round "1"]
[White "Andaluz"]
[Black "Pawnchain"]
[Result "1/2-1/2"]
[WhiteElo "1298"]
[BlackElo "1419"]
[Opening "Queen's pawn game, Chigorin variation"]
[ECO "D02"]
[Time "14:00:49"]
[PlyCount "28"]
[TimeControl "2700+45"]

1. Nf3 d5 2. d4 Nc6 3. Nc3 Bg4 4. e3 e5 5. Be2 Bb4 6. Nxe5 Bxe2 7. Qxe2 Bxc3+ 8.
bxc3 Nf6 9. Nxc6 bxc6 10. Ba3 Ne4 11. Qd3 Nd6 12. Rb1 O-O 13. O-O Re8 14. Bxd6
Qxd6 {Game drawn by mutual agreement} 1/2-1/2

[Event "Team 45 45 League T91"]
[Site "Internet Chess Club"]
[Date "2022.01.15"]
[Round "1"]
[White "grekor"]
[Black "oldbookseller"]
[Result "1-0"]
[WhiteElo "1111"]
[BlackElo "875"]
[Opening "Queen's pawn: Chigorin variation"]
[ECO "D00"]
[Time "13:00:44"]
[PlyCount "63"]
[TimeControl "2700+45"]

1. d4 d5 2. Nc3 Nf6 3. Bf4 e6 4. e3 Be7 5. Nf3 h6 6. Bd3 b6 7. Qd2 Bb7 8. O-O
Nbd7 9. Nb5 O-O 10. Nxc7 Rc8 11. Nb5 Ne4 12. Qe2 Ndf6 13. Ne5 Ba6 14. Nxa7 Ra8
15. Bxa6 Rxa7 16. Nc6 Qe8 17. Nxa7 Qa4 18. Nc8 Bb4 19. Nxb6 Qa5 20. Bc7 Nd2 21.
Rfd1 Ne8 22. Bd8 Nd6 23. Be7 Re8 24. Bxd6 Bxd6 25. Qb5 Bxh2+ 26. Kxh2 Nc4 27.
Qxe8+ Kh7 28. Bxc4 Qxb6 29. Bd3+ g6 30. Qxf7+ Kh8 31. Bxg6 Qd6+ 32. g3 {Black
resigns} 1-0

[Event "Team 45 45 League T91"]
[Site "Internet Chess Club"]
[Date "2022.01.16"]
[Round "1"]
[White "filmdirector"]
[Black "QuieroAprender"]
[Result "1-0"]
[WhiteElo "1446"]
[BlackElo "1672"]
[Opening "Bishop's opening: Berlin defense"]
[ECO "C24"]
[Time "19:28:59"]
[PlyCount "49"]
[TimeControl "2700+45"]

1. e4 e5 2. Bc4 Nf6 3. d3 d5 4. exd5 Nxd5 5. Qh5 Nc6 6. Nc3 Bb4 7. Ne2 Be6 8.
O-O Nxc3 9. bxc3 Bxc4 10. cxb4 Be6 11. Bb2 g6 12. Qh6 Qd6 13. b5 Nd4 14. Nxd4
exd4 15. Qg7 O-O-O 16. a4 Qb4 17. Rfb1 Qc5 18. a5 Qxc2 19. Bxd4 Rhg8 20. Qe5 Rd5
21. Qf4 Rf5 22. Qe3 Rd8 23. b6 axb6 24. axb6 c6 25. Rb2 {Black resigns} 1-0

[Event "Team 45 45 League T91"]
[Site "Internet Chess Club"]
[Date "2022.01.15"]
[Round "1"]
[White "mongmong"]
[Black "liujf"]
[Result "1-0"]
[WhiteElo "1517"]
[BlackElo "1571"]
[Opening "QGD Slav: 4.e3 Bf5"]
[ECO "D12"]
[Time "11:00:31"]
[PlyCount "77"]
[TimeControl "2700+45"]

1. d4 d5 2. Nf3 Nf6 3. e3 Bf5 4. c4 c6 5. Nc3 dxc4 6. Bxc4 e6 7. O-O Bb4 8. Qe2
O-O 9. a3 Ba5 10. b4 Bc7 11. Bb2 Nbd7 12. Rfd1 Nb6 13. Bd3 Bxd3 14. Qxd3 Qe7 15.
Ne4 Rad8 16. Nxf6+ Qxf6 17. Qe2 Qe7 18. Rd2 Rd7 19. Rc1 Rfd8 20. Rdc2 Qd6 21. g3
Nd5 22. Ne5 f6 23. Nxd7 Qxd7 24. Rd2 e5 25. dxe5 Nf4 26. Qc4+ Nd5 27. e4 b5 28.
Qb3 Bb6 29. exd5 cxd5 30. Rcd1 Qf5 31. exf6 gxf6 32. Bd4 Bxd4 33. Rxd4 Qg6 34.
Rxd5 Rxd5 35. Qxd5+ Kg7 36. Qxb5 Qc2 37. Qd7+ Kg6 38. Qd3+ Qxd3 39. Rxd3 {Black
resigns} 1-0

[Event "Team 45 45 League T91"]
[Site "Internet Chess Club"]
[Date "2022.01.15"]
[Round "1"]
[White "Toalla"]
[Black "blind-warrior"]
[Result "0-1"]
[WhiteElo "1128"]
[BlackElo "1389"]
[Opening "Queen's pawn game"]
[ECO "A46"]
[Time "15:00:40"]
[PlyCount "90"]
[TimeControl "2700+45"]

1. d4 Nf6 2. Nf3 d6 3. Nc3 g6 4. g3 Bg7 5. Bg2 O-O 6. O-O c6 7. Re1 d5 8. e4 e6
9. Rb1 a6 10. a4 b5 11. b4 Nxe4 12. Nxe4 dxe4 13. Rxe4 Qb6 14. a5 Qa7 15. c3 Nd7
16. Be3 Bb7 17. Ne5 Nxe5 18. dxe5 Qb8 19. Bd4 Rd8 20. Qb3 c5 21. bxc5 Bd5 22.
Qb4 Bxe4 23. Bxe4 Bxe5 24. f4 Bxd4+ 25. cxd4 Ra7 26. c6 Rc7 27. Rc1 Qa7 28. Rc5
Rd6 29. Bf3 Qb8 30. d5 exd5 31. Bxd5 Qd8 32. Qe4 Qf6 33. Qe5 Qxe5 34. fxe5 Rxd5
35. Rxd5 Rxc6 36. Rd8+ Kg7 37. Rd6 Rxd6 38. exd6 Kf6 39. Kf2 Ke6 40. d7 Kxd7 41.
Ke3 Kd6 42. Kd4 f6 43. g4 h6 44. h3 Kc6 45. Kc3 Kc5 {White resigns} 0-1

[Event "Team 45 45 League T91"]
[Site "Internet Chess Club"]
[Date "2022.01.15"]
[Round "1"]
[White "Timmah4651"]
[Black "Redman1"]
[Result "1/2-1/2"]
[WhiteElo "1584"]
[BlackElo "1515"]
[Opening "Caro-Kann defense"]
[ECO "B10"]
[Time "06:00:45"]
[PlyCount "40"]
[TimeControl "2700+45"]

1. e4 c6 2. e5 d5 3. exd6 exd6 4. d4 d5 5. Bd3 Nf6 6. Nf3 Bg4 7. O-O Be7 8. Nc3
O-O 9. Bg5 Nbd7 10. Re1 h6 11. Bh4 Bd6 12. Re3 Bf4 13. Re1 Qc7 14. Bg3 Bxg3 15.
hxg3 Rfe8 16. Qd2 Rxe1+ 17. Rxe1 Re8 18. Rxe8+ Nxe8 19. Nd1 Nef6 20. Qf4 Qxf4
{Game drawn by mutual agreement} 1/2-1/2

[Event "Team 45 45 League T91"]
[Site "Internet Chess Club"]
[Date "2022.01.18"]
[Round "1"]
[White "Constrictor"]
[Black "Grenadier"]
[Result "1/2-1/2"]
[WhiteElo "1506"]
[BlackElo "1516"]
[Opening "Nimzovich-Larsen attack: modern variation"]
[ECO "A01"]
[Time "20:00:32"]
[PlyCount "116"]
[TimeControl "2700+45"]

1. b3 e5 2. Bb2 Nc6 3. e3 d5 4. Bb5 Bd6 5. f4 Qe7 6. Nf3 Bg4 7. fxe5 Bxf3 8.
Qxf3 Bxe5 9. Bxe5 Qxe5 10. O-O Nf6 11. Nc3 O-O 12. Bxc6 bxc6 13. Rae1 Rae8 14.
Re2 Qd6 15. e4 dxe4 16. Nxe4 Qd4+ 17. Nf2 Rxe2 18. Qxe2 Re8 19. Qd3 Qb6 20. Kh1
h5 21. Nh3 Ng4 22. Qf5 f6 23. Qxh5 Re4 24. Qf5 Qb5 25. Qxb5 cxb5 26. Ng1 Ne5 27.
h3 c5 28. Nf3 Nxf3 29. Rxf3 c4 30. Rc3 Re2 31. bxc4 bxc4 32. Rxc4 Rxd2 33. a4
Kh7 34. a5 Rd1+ 35. Kh2 Ra1 36. Rc5 Kg6 37. c4 Rc1 38. Rc7 a6 39. c5 Kh6 40. c6
Ra1 41. Ra7 Rxa5 42. c7 Rc5 43. h4 a5 44. Rxa5 Rxc7 45. Kh3 Re7 46. Ra8 Kh7 47.
Ra5 Re5 48. Rxe5 fxe5 49. g4 Kg6 50. Kg3 Kf6 51. Kf3 Ke6 52. Ke4 Kf6 53. Kd5 g6
54. Ke4 Ke6 55. h5 gxh5 56. gxh5 Kf6 57. h6 Kg6 58. Kxe5 Kxh6 {Game drawn
because neither player has mating material} 1/2-1/2

[Event "Team 45 45 League T91"]
[Site "Internet Chess Club"]
[Date "2022.01.12"]
[Round "1"]
[White "GoIrish"]
[Black "Chess4Him"]
[Result "1-0"]
[WhiteElo "1519"]
[BlackElo "1463"]
[Opening "Queen's pawn game, Darooha variation "]
[ECO "D02"]
[Time "20:01:54"]
[PlyCount "101"]
[TimeControl "2700+45"]

1. d4 d5 2. Nf3 Nf6 3. g3 c6 4. Bg2 Bf5 5. c4 e6 6. Nc3 Be7 7. Qb3 Qb6 8. c5
Qxb3 9. axb3 h6 10. O-O O-O 11. b4 Nbd7 12. h3 Ne8 13. g4 Bh7 14. b5 Nc7 15.
bxc6 bxc6 16. Bf4 Nb5 17. Nxb5 cxb5 18. Ra5 a6 19. Rfa1 Bxc5 20. dxc5 Nxc5 21.
Nd4 Rfe8 22. Bd6 Na4 23. b3 Nc3 24. Bb4 Ne4 25. Rxa6 Rxa6 26. Rxa6 Rb8 27. Ra5
Nf6 28. Nc6 Re8 29. Rxb5 Bc2 30. Bc3 Bd1 31. e3 Be2 32. Rb8 Rxb8 33. Nxb8 Bb5
34. Bxf6 gxf6 35. Bf1 Bxf1 36. Kxf1 Kf8 37. b4 Ke8 38. Kg2 Kd8 39. Kg3 Kc7 40.
Na6+ Kb6 41. Nc5 Kb5 42. Nd3 e5 43. Kh4 Kc4 44. Kh5 e4 45. Nf4 d4 46. exd4 Kxd4
47. b5 Ke5 48. b6 Kd6 49. b7 Kc7 50. Nd5+ Kxb7 51. Nxf6 {Black resigns} 1-0

[Event "Team 45 45 League T91"]
[Site "Internet Chess Club"]
[Date "2022.01.12"]
[Round "1"]
[White "BrerRabbit"]
[Black "seattleblues"]
[Result "1-0"]
[WhiteElo "1359"]
[BlackElo "1311"]
[Opening "Queen's pawn game, Darooha variation "]
[ECO "D02"]
[Time "20:30:58"]
[PlyCount "55"]
[TimeControl "2700+45"]

1. d4 d5 2. Nf3 Nf6 3. g3 c6 4. Bg2 Bf5 5. c4 e6 6. Nc3 Nbd7 7. Qb3 Qc8 8. Nh4
Bg4 9. h3 Bh5 10. g4 Bg6 11. Nxg6 hxg6 12. Bf4 Be7 13. e3 Nh7 14. Rc1 g5 15. Bg3
Nhf8 16. cxd5 exd5 17. Nxd5 Ng6 18. Nc7+ Kf8 19. Nxa8 Qxa8 20. O-O Nh4 21. Bc7
Nxg2 22. Kxg2 Qc8 23. Ba5 b6 24. Bb4 c5 25. f3 Qb8 26. dxc5 Nxc5 27. Bxc5 Bxc5
28. Rxc5 {Black resigns} 1-0

[Event "Team 45 45 League T91"]
[Site "Internet Chess Club"]
[Date "2022.01.15"]
[Round "1"]
[White "Gojira"]
[Black "nosir"]
[Result "1-0"]
[WhiteElo "1583"]
[BlackElo "1367"]
[Opening "Modern defense"]
[ECO "A40"]
[Time "06:00:30"]
[PlyCount "43"]
[TimeControl "2700+45"]

1. d4 g6 2. Nc3 Bg7 3. Bf4 Nf6 4. e4 d6 5. Qd2 Nbd7 6. Nf3 c5 7. dxc5 Nxc5 8.
Qe2 a6 9. O-O-O Qa5 10. Nd2 Nfd7 11. Nc4 Qc7 12. Nd5 Qd8 13. Qf3 b5 14. Bxd6 Bb7
15. Bxe7 Bxd5 16. Bxd8 Bxe4 17. Nd6+ Kxd8 18. Nxe4 Ne6 19. Nd6 Nc7 20. Nxf7+ Kc8
21. Nxh8 Bxh8 22. Qg4 {Black resigns} 1-0

[Event "Team 45 45 League T91"]
[Site "Internet Chess Club"]
[Date "2022.01.16"]
[Round "1"]
[White "g8wrb"]
[Black "seldredg"]
[Result "0-1"]
[WhiteElo "1254"]
[BlackElo "1315"]
[Opening "Sicilian: Alapin's variation (2.c3)"]
[ECO "B22"]
[Time "13:52:09"]
[PlyCount "32"]
[TimeControl "2700+45"]
1. e4 {0:45:45} c5 {0:45:45} 2. c3 {0:46:04} e6 {0:46:10} 3. d4 {0:46:26}
cxd4 {0:46:41} 4. cxd4 {0:47:03} b6 {0:46:51} 5. Nf3 {0:47:26} Bb7 {0:47:20}
6. Bd3 {0:47:44} d6 {0:47:32} 7. O-O {0:48:04} Nf6 {0:47:48} 8. Re1
{0:48:35} Nbd7 {0:48:00} 9. Nc3 {0:48:17} a6 {0:48:29} 10. Bg5 {0:46:59} Be7
{0:48:57} 11. Qb3 {0:45:51} O-O {0:44:02} 12. Rac1 {0:45:03} e5 {0:42:08}
13. d5 {0:44:42} Nc5 {0:42:29} 14. Qd1 {0:44:28} Nxd3 {0:42:53} 15. Qxd3
{0:44:55} Bc8 {0:41:37} 16. Rc2 {0:43:53} Bg4 {0:39:46} {White resigns} 0-1

[Event "Team 45 45 League T91"]
[Site "Internet Chess Club"]
[Date "2022.01.15"]
[Round "1"]
[White "Fulmar"]
[Black "SeniorCitizen"]
[Result "1-0"]
[WhiteElo "1275"]
[BlackElo "1287"]
[Opening "Queen's pawn game, Rubinstein (Colle-Zukertort) variation"]
[ECO "D05"]
[Time "12:01:40"]
[PlyCount "63"]
[TimeControl "2700+45"]

1. d4 d5 2. Nf3 e6 3. e3 Nf6 4. Bd3 c5 5. b3 Be7 6. Nbd2 cxd4 7. exd4 O-O 8. Bb2
Nbd7 9. O-O b6 10. Qe2 Bb7 11. a3 Bd6 12. Ne5 Bxe5 13. dxe5 Ne8 14. b4 g6 15. f4
Ng7 16. Nf3 f6 17. exf6 Nxf6 18. Ne5 a6 19. Rae1 Rc8 20. Qf3 Ne4 21. Re2 Qe8 22.
g4 Qd8 23. Qh3 Qe7 24. Rf3 Bc6 25. Qh6 Ng5 26. fxg5 Ne8 27. Rxf8+ Qxf8 28. Nxg6
Qxh6 29. gxh6 hxg6 30. Rxe6 Kf7 31. Rxg6 Bb5 32. h7 {Black resigns} 1-0

[Event "Team 45 45 League T91"]
[Site "Internet Chess Club"]
[Date "2022.01.15"]
[Round "1"]
[White "PsyMar"]
[Black "CMAlge"]
[Result "0-1"]
[WhiteElo "1271"]
[BlackElo "1259"]
[Opening "Caro-Kann: advance variation"]
[ECO "B12"]
[Time "11:01:53"]
[PlyCount "40"]
[TimeControl "2700+45"]

1. e4 c6 2. d4 d5 3. e5 Bf5 4. h4 h5 5. Bd3 Bxd3 6. Qxd3 Qa5+ 7. Bd2 Qa6 8. Qxa6
Nxa6 9. Nc3 e6 10. Nh3 c5 11. Ne2 c4 12. c3 Be7 13. g3 b5 14. O-O b4 15. Nhf4 g5
16. hxg5 Bxg5 17. Rfd1 Bxf4 18. Bxf4 h4 19. gxh4 Rxh4 20. Bg5 Rg4+ {White
resigns} 0-1

[Event "Team 45 45 League T91"]
[Site "Internet Chess Club"]
[Date "2022.01.12"]
[Round "1"]
[White "Megasus"]
[Black "sdcohle"]
[Result "1/2-1/2"]
[WhiteElo "1529"]
[BlackElo "1333"]
[Opening "Queen's pawn game"]
[ECO "D05"]
[Time "21:13:40"]
[PlyCount "79"]
[TimeControl "2700+45"]

1. Nf3 d5 2. d4 e6 3. e3 Nf6 4. a3 Bd6 5. b3 O-O 6. Bb2 b6 7. Nbd2 Nbd7 8. c4 c5
9. Qc2 Bb7 10. Bd3 Rc8 11. g3 dxc4 12. bxc4 Re8 13. Ne4 Nxe4 14. Bxe4 Bxe4 15.
Qxe4 Nf6 16. Qd3 Qc7 17. Ne5 Qb7 18. Ke2 Rcd8 19. Qc2 cxd4 20. exd4 Qc7 21. Rhe1
Nd7 22. Kf1 Rc8 23. Rac1 Nxe5 24. dxe5 Bc5 25. Qe4 Red8 26. Red1 Rxd1+ 27. Rxd1
Rd8 28. Rxd8+ Qxd8 29. Kg2 g6 30. Qf3 Qd2 31. Bc3 Qd7 32. Bb4 Qe7 33. Qc6 Bxb4
34. Qa8+ Kg7 35. axb4 Qxb4 36. Qd8 Qxc4 37. Qf6+ Kg8 38. Qd8+ Kg7 39. Qf6+ Kg8
40. Qd8+ {Game drawn by mutual agreement} 1/2-1/2

[Event "Team 45 45 League T91"]
[Site "Internet Chess Club"]
[Date "2022.01.15"]
[Round "1"]
[White "bardu"]
[Black "gregorgg"]
[Result "0-1"]
[WhiteElo "1279"]
[BlackElo "1389"]
[Opening "Grünfeld: modern exchange variation"]
[ECO "D85"]
[Time "15:14:15"]
[PlyCount "38"]
[TimeControl "2700+45"]

1. d4 Nf6 2. c4 g6 3. Nc3 d5 4. cxd5 Nxd5 5. e4 Nxc3 6. bxc3 Bg7 7. Nf3 c5 8.
Rb1 Nc6 9. d5 Ne5 10. Nxe5 Bxe5 11. Qd2 Qa5 12. Bb5+ Kf8 13. Rb3 a6 14. Be2 b5
15. f4 Bg7 16. O-O c4 17. Rb4 Bb7 18. Bxc4 Rc8 19. Bb3 Bxc3 {White resigns} 0-1

[Event "Team 45 45 League T91"]
[Site "Internet Chess Club"]
[Date "2022.01.13"]
[Round "1"]
[White "rhayder"]
[Black "dwmt"]
[Result "0-1"]
[WhiteElo "946"]
[BlackElo "1199"]
[Opening "Owen defense"]
[ECO "B00"]
[Time "19:07:01"]
[PlyCount "44"]
[TimeControl "2700+45"]

1. e4 b6 2. Nf3 Bb7 3. Nc3 d6 4. Bb5+ c6 5. Be2 e5 6. O-O Nf6 7. d4 Nbd7 8. dxe5
Nxe5 9. Bg5 Nxf3+ 10. Bxf3 Be7 11. Bxf6 Bxf6 12. Qd2 O-O 13. Rad1 Be7 14. Rfe1
Qc7 15. Qf4 Rad8 16. e5 dxe5 17. Qxe5 Qxe5 18. Rxe5 Bf6 19. Rxd8 Rxd8 20. Re3
Bg5 21. Rd3 Rb8 22. Nb5 cxb5 {White resigns} 0-1